[Event "European Online Club-ch-G 2021"]
[Site "Online"]
[Date "2021.03.27"]
[Round "1.1"]
[White "Grachev, Boris"]
[Black "Altun, Arda"]
[Result "1-0"]
[ECO "D46"]
[WhiteElo "2619"]
[BlackElo "2074"]
[Annotator "ChessBase"]
[PlyCount "79"]
[EventDate "2021.03.27"]
[EventType "team-tourn"]
[EventCountry "NET"]
[SourceTitle "playchess.com"]
[Source "ChessBase"]
[SourceQuality "1"]
[TimeControl "900+5"]

1. d4 d5 2. Nf3 Nf6 3. c4 c6 4. e3 e6 5. Nc3 Bd6 6. Qc2 Nbd7 7. Bd3 dxc4 8. Bxc4 O-O 9. O-O Qe7 10. Bb3 b6 11. h3 Bb7 12. e4 e5 13. Be3 c5 14. d5 a6 15. a4 Rac8 16. Bc4 Ne8 17. Rfe1 h6 18. g3 Bc7 19. Nh4 Nd6 20. Bf1 g5 21. Nf3 f5 22. exf5 Nxf5 23. Bg2 Qf7 24. Nh2 Nd4 25. Qd1 Nf6 26. Ng4 Nxg4 27. Qxg4 Nc2 28. Rad1 Nxe1 29. Rxe1 Rce8 30. Qe4 Bd6 31. g4 Kg7 32. Rd1 Qg6 33. Qc4 Qc2 34. Be4 Qxb2 35. Rb1 Qa3 36. Rxb6 Qa1+ 37. Rb1 Qa3 38. Rxb7+ Rf7 39. Rb3 Qa1+ 40. Rb1 1-0

[Event "European Online Club-ch-G 2021"]
[Site "Online"]
[Date "2021.03.27"]
[Round "1.2"]
[White "Danaci, Ege"]
[Black "Motylev, Alexander"]
[Result "0-1"]
[ECO "B11"]
[WhiteElo "1996"]
[BlackElo "2641"]
[Annotator "ChessBase"]
[PlyCount "86"]
[EventDate "2021.03.27"]
[EventType "team-tourn"]
[EventCountry "NET"]
[SourceTitle "playchess.com"]
[Source "ChessBase"]
[SourceQuality "1"]
[TimeControl "900+5"]

1. e4 c6 2. Nc3 d5 3. Nf3 dxe4 4. Nxe4 Nf6 5. Qe2 Nxe4 6. Qxe4 g6 7. Bc4 Bg7 8. d4 O-O 9. O-O Nd7 10. Re1 Nb6 11. Bb3 a5 12. a3 a4 13. Ba2 Bf5 14. Qe2 Bg4 15. c3 Nd5 16. Bg5 Re8 17. h3 Bxf3 18. Qxf3 Qd7 19. Rad1 b5 20. h4 h6 21. Bc1 Qf5 22. Qxf5 gxf5 23. g3 e6 24. f3 h5 25. Kf2 Bf6 26. Bb1 Kg7 27. Bd3 Rg8 28. Bg5 Kg6 29. g4 hxg4 30. fxg4 Bxg5 31. gxf5+ exf5 32. hxg5 Rae8 33. Kf3 Rh8 34. Kg3 Kxg5 35. Re5 Rxe5 36. dxe5 Ne3 37. Rg1 Ng4 38. Kf3 Rh3+ 39. Ke2 Rh2+ 40. Kd1 Rxb2 41. Kc1 Rb3 42. Rf1 f4 43. Kd2 Nxe5 0-1

[Event "European Online Club-ch-G 2021"]
[Site "Online"]
[Date "2021.03.27"]
[Round "1.3"]
[White "Najer, Evgeniy"]
[Black "Yildirim, Ibrahim Halil"]
[Result "1-0"]
[ECO "B12"]
[WhiteElo "2648"]
[BlackElo "1783"]
[Annotator "ChessBase"]
[PlyCount "83"]
[EventDate "2021.03.27"]
[EventType "team-tourn"]
[EventCountry "NET"]
[SourceTitle "playchess.com"]
[Source "ChessBase"]
[SourceQuality "1"]
[TimeControl "900+5"]

1. e4 c6 2. d4 d5 3. e5 Bf5 4. Nf3 e6 5. Be2 c5 6. Be3 Qb6 7. Nc3 Nc6 8. O-O Qxb2 9. Qe1 cxd4 10. Bxd4 Nxd4 11. Nxd4 Bb4 12. Rb1 Bxc3 13. Rxb2 Bxe1 14. Rxe1 b6 15. h4 h5 16. Nxf5 exf5 17. c4 d4 18. Rd2 Rd8 19. Red1 Ne7 20. Rxd4 Rxd4 21. Rxd4 Nc6 22. Rd5 Ke7 23. c5 Rd8 24. Rxd8 Kxd8 25. cxb6 axb6 26. f4 g6 27. Kf2 Kc7 28. Ke3 Nd8 29. Bb5 Nc6 30. g3 Nb4 31. Bc4 f6 32. exf6 Kd6 33. Bf7 Nc6 34. Bxg6 Ke6 35. f7 Ke7 36. Bxh5 Nb4 37. Bg6 Nxa2 38. h5 Nb4 39. h6 Nd5+ 40. Kd4 Nc7 41. h7 Ne6+ 42. Ke3 1-0

[Event "European Online Club-ch-G 2021"]
[Site "Online"]
[Date "2021.03.27"]
[Round "1.4"]
[White "Ozata, Doruk"]
[Black "Kobalia, Mikhail"]
[Result "0-1"]
[ECO "B26"]
[WhiteElo "1646"]
[BlackElo "2587"]
[Annotator "ChessBase"]
[PlyCount "154"]
[EventDate "2021.03.27"]
[EventType "team-tourn"]
[EventCountry "NET"]
[SourceTitle "playchess.com"]
[Source "ChessBase"]
[SourceQuality "1"]
[TimeControl "900+5"]

1. e4 c5 2. Nc3 Nc6 3. g3 g6 4. Bg2 Bg7 5. d3 d6 6. Be3 Rb8 7. Qd2 b5 8. Nge2 b4 9. Nd1 Bg4 10. O-O Nf6 11. h3 Bxe2 12. Qxe2 O-O 13. f4 Qc7 14. g4 a5 15. g5 Nd7 16. f5 a4 17. h4 a3 18. Rb1 axb2 19. Nxb2 Ra8 20. Nc4 Rxa2 21. h5 Nd4 22. Bxd4 Bxd4+ 23. Kh1 Ne5 24. hxg6 fxg6 25. Nxe5 Bxe5 26. fxg6 Raa8 27. Qh5 e6 28. Bh3 Qg7 29. Bxe6+ Kh8 30. Qxh7+ Qxh7+ 31. gxh7 Kxh7 32. Rxf8 Rxf8 33. Bf5+ Kg7 34. Kg2 Ra8 35. Be6 Kg6 36. Rf1 Kxg5 37. Rf5+ Kg6 38. Kf3 Rh8 39. Bb3 Rh1 40. Ke2 Rh2+ 41. Kf3 Rh1 42. Ke2 Rc1 43. Kd2 Rg1 44. Ke2 Bd4 45. Kd2 Rg2+ 46. Kd1 Bc3 47. Rf1 Kg5 48. Kc1 Kh4 49. Kd1 Kg3 50. Bd5 Be5 51. Bb3 Kh2 52. Rf5 Rg7 53. Ke2 Bd4 54. Rf3 Rg2+ 55. Kd1 Bc3 56. Rf1 Rg7 57. Ke2 Bd4 58. Rf3 Rg2+ 59. Kd1 Kg1 60. Rf5 Bc3 61. Bd5 Rd2+ 62. Kc1 Re2 63. Kb1 Be5 64. Rf7 Re1+ 65. Ka2 Ra1+ 66. Kb3 Ra3+ 67. Kc4 Rc3+ 68. Kb5 Rxc2 69. Bc4 Rc3 70. Rb7 Kf2 71. Kc6 Ke3 72. Kd5 Rxd3+ 73. Bxd3 Kxd3 74. Rb5 Kc3 75. Rb6 b3 76. Rxd6 Bxd6 77. Kxd6 b2 0-1

[Event "European Online Club-ch-G 2021"]
[Site "Online"]
[Date "2021.03.27"]
[Round "1.5"]
[White "Jobava, Baadur"]
[Black "Flear, Glenn C"]
[Result "1-0"]
[ECO "D35"]
[WhiteElo "2603"]
[BlackElo "2431"]
[Annotator "ChessBase"]
[PlyCount "81"]
[EventDate "2021.03.27"]
[EventType "team-tourn"]
[EventCountry "NET"]
[SourceTitle "playchess.com"]
[Source "ChessBase"]
[SourceQuality "1"]
[TimeControl "900+5"]

1. d4 d5 2. c4 e6 3. Nc3 Nf6 4. Bf4 Bd6 5. Bg3 b6 6. e3 Bb7 7. cxd5 Nxd5 8. Nxd5 Bxd5 9. Ne2 Nd7 10. Nc3 Bb7 11. Nb5 Bxg3 12. hxg3 a6 13. Nc3 c5 14. Qg4 g6 15. O-O-O Qe7 16. Qf4 cxd4 17. Qxd4 e5 18. Qa4 b5 19. Qh4 Qxh4 20. Rxh4 Ke7 21. a4 bxa4 22. Rxa4 Rhc8 23. Ra5 f6 24. f3 Nb6 25. e4 Nc4 26. Bxc4 Rxc4 27. g4 Rc7 28. Rh1 Ke6 29. Kd2 Rd8+ 30. Ke3 Rcd7 31. Na4 Rd3+ 32. Kf2 Rd2+ 33. Kg3 Bc8 34. Rxh7 f5 35. g5 fxe4 36. Nc5+ Kf5 37. Rf7+ Kxg5 38. Nxe4+ Kh6 39. Nxd2 Rxd2 40. Rxe5 Rxb2 41. Re8 1-0

[Event "European Online Club-ch-G 2021"]
[Site "Online"]
[Date "2021.03.27"]
[Round "1.6"]
[White "Boyer, Mahel"]
[Black "Dreev, Aleksey"]
[Result "0-1"]
[ECO "B10"]
[WhiteElo "2333"]
[BlackElo "2647"]
[Annotator "ChessBase"]
[PlyCount "132"]
[EventDate "2021.03.27"]
[EventType "team-tourn"]
[EventCountry "NET"]
[SourceTitle "playchess.com"]
[Source "ChessBase"]
[SourceQuality "1"]
[TimeControl "900+5"]

1. e4 c6 2. c4 d5 3. cxd5 cxd5 4. exd5 Nf6 5. Nc3 Nxd5 6. Nf3 Nc6 7. Bb5 g6 8. Qa4 Qd6 9. O-O Bg7 10. b3 Nb6 11. Qh4 O-O 12. Bxc6 Qxc6 13. Qxe7 Bg4 14. Ne5 Qe6 15. Qxe6 Bxe6 16. d4 Rac8 17. Nb5 Rfd8 18. Nxa7 Rc2 19. Be3 Ra8 20. Rfc1 Rxc1+ 21. Rxc1 Rxa7 22. d5 Nxd5 23. Bxa7 Bxe5 24. g3 g5 25. Rd1 Kf8 26. Bd4 Nc3 27. Bxc3 Bxc3 28. Rd8+ Ke7 29. Rb8 Bd5 30. Rc8 Bc6 31. Rg8 h6 32. Rc8 Ke6 33. Rc7 h5 34. Rc8 Kf5 35. Rf8 f6 36. Rh8 Kg4 37. Rd8 Be4 38. Rc8 Bc6 39. Rd8 h4 40. Rd3 Be5 41. Re3 h3 42. Rd3 Kf5 43. Re3 g4 44. Rd3 Ke4 45. Re3+ Kd4 46. Re1 Kc3 47. Re3+ Kb2 48. Re2+ Ka3 49. Rc2 Bf3 50. Kf1 Bb2 51. b4 b5 52. Kg1 Be5 53. Rc5 Kxb4 54. Rc8 Ka3 55. Rc5 b4 56. Ra5+ Kb2 57. Rb5 Bc3 58. a4 b3 59. a5 Be2 60. Rb6 Bxa5 61. Rxf6 Kc2 62. Rc6+ Bc3 63. Rb6 b2 64. Rxb2+ Bxb2 65. Kh1 Bf3+ 66. Kg1 Bg2 0-1

[Event "European Online Club-ch-G 2021"]
[Site "Online"]
[Date "2021.03.27"]
[Round "1.7"]
[White "Piorun, Kacper"]
[Black "Favarel, Camille"]
[Result "1-0"]
[ECO "A11"]
[WhiteElo "2615"]
[BlackElo "2188"]
[Annotator "ChessBase"]
[PlyCount "57"]
[EventDate "2021.03.27"]
[EventType "team-tourn"]
[EventCountry "NET"]
[SourceTitle "playchess.com"]
[Source "ChessBase"]
[SourceQuality "1"]
[TimeControl "900+5"]

1. c4 c6 2. Nf3 d5 3. e3 Nf6 4. b3 g6 5. Bb2 Bg7 6. Be2 O-O 7. O-O a5 8. Nc3 Na6 9. d4 Bf5 10. Rc1 Nc7 11. Na4 Ne4 12. Nd2 Nxd2 13. Qxd2 Re8 14. Rfd1 dxc4 15. Nb6 Ra7 16. bxc4 Na8 17. Na4 Nb6 18. d5 Bxb2 19. Nxb2 a4 20. a3 c5 21. e4 Bd7 22. Qe3 Qc7 23. e5 e6 24. d6 Qc8 25. Rc3 Kg7 26. Nd3 Ra5 27. Rb1 Qd8 28. Nxc5 Bc6 29. Rxb6 1-0

[Event "European Online Club-ch-G 2021"]
[Site "Online"]
[Date "2021.03.27"]
[Round "1.8"]
[White "Hmamouche, Youssef"]
[Black "Shchekachev, Andrei"]
[Result "0-1"]
[ECO "E14"]
[WhiteElo "1926"]
[BlackElo "2515"]
[Annotator "ChessBase"]
[PlyCount "104"]
[EventDate "2021.03.27"]
[EventType "team-tourn"]
[EventCountry "NET"]
[SourceTitle "playchess.com"]
[Source "ChessBase"]
[SourceQuality "1"]
[TimeControl "900+5"]

1. d4 Nf6 2. Nf3 e6 3. c4 b6 4. Nc3 Bb7 5. a3 d5 6. e3 a6 7. cxd5 exd5 8. Bd3 Bd6 9. O-O Nbd7 10. h3 O-O 11. b4 Qe7 12. Bb2 Ne4 13. Bxe4 dxe4 14. Nd2 f5 15. Nc4 Rae8 16. Nxd6 cxd6 17. Ne2 Bd5 18. Rc1 b5 19. Rc7 Rc8 20. Qc1 Bc4 21. Rxc8 Rxc8 22. Re1 d5 23. Qd2 Bxe2 24. Qxe2 Nb6 25. Ra1 Rc6 26. Bc1 Qg5 27. Bd2 Rg6 28. Qf1 h6 29. Be1 f4 30. exf4 Qxf4 31. Ra2 Nc4 32. Re2 Qf3 33. Kh1 Qd3 34. Kg1 Qxh3 35. g3 Qg4 36. f3 Qxf3 37. Qxf3 exf3 38. Re8+ Kf7 39. Rd8 Rd6 40. Ra8 Re6 41. Bf2 Re2 42. Rxa6 Nd2 43. g4 Ne4 44. Ra7+ Kg8 45. Bh4 g5 46. Ra8+ Kf7 47. Ra7+ Ke6 48. Ra6+ Kd7 49. Ra7+ Kc6 50. Rf7 Rg2+ 51. Kh1 gxh4 52. Rxf3 Rxg4 0-1

[Event "European Online Club-ch-G 2021"]
[Site "Online"]
[Date "2021.03.27"]
[Round "1.9"]
[White "Gumularz, Szymon"]
[Black "Stalmach, Richard"]
[Result "1-0"]
[ECO "B80"]
[WhiteElo "2517"]
[BlackElo "2296"]
[Annotator "ChessBase"]
[PlyCount "59"]
[EventDate "2021.03.27"]
[EventType "team-tourn"]
[EventCountry "NET"]
[SourceTitle "playchess.com"]
[Source "ChessBase"]
[SourceQuality "1"]
[TimeControl "900+5"]

1. e4 c5 2. Nf3 e6 3. d4 cxd4 4. Nxd4 Nc6 5. Nc3 Qc7 6. g3 a6 7. Bg2 Nf6 8. O-O d6 9. Re1 Be7 10. Nxc6 bxc6 11. e5 dxe5 12. Rxe5 Nd5 13. Nxd5 Qxe5 14. Bf4 Qxd5 15. Bxd5 cxd5 16. c4 dxc4 17. Qf3 Ra7 18. Qc6+ Bd7 19. Qb6 Ra8 20. Qb7 Rd8 21. Rd1 Bb5 22. Rxd8+ Bxd8 23. Bd6 h5 24. h4 Rh6 25. a4 Bxa4 26. Qxa6 Bd7 27. Qa8 Rh8 28. Bc7 Ke7 29. Qa3+ Kf6 30. Bxd8+ 1-0

[Event "European Online Club-ch-G 2021"]
[Site "Online"]
[Date "2021.03.27"]
[Round "1.10"]
[White "Gnojek, Petr"]
[Black "Mastrovasilis, Dimitrios"]
[Result "1/2-1/2"]
[ECO "D56"]
[WhiteElo "2267"]
[BlackElo "2609"]
[Annotator "ChessBase"]
[PlyCount "121"]
[EventDate "2021.03.27"]
[EventType "team-tourn"]
[EventCountry "NET"]
[SourceTitle "playchess.com"]
[Source "ChessBase"]
[SourceQuality "1"]
[TimeControl "900+5"]

1. d4 d5 2. c4 e6 3. Nf3 Nf6 4. Nc3 Nbd7 5. Bg5 Be7 6. e3 h6 7. Bh4 O-O 8. cxd5 Nxd5 9. Bxe7 Qxe7 10. Nxd5 exd5 11. Rc1 c6 12. Bd3 Nf6 13. Qc2 Ne4 14. O-O Bf5 15. Ne5 f6 16. f3 Nd6 17. Bxf5 fxe5 18. Bh7+ Kh8 19. dxe5 Qxe5 20. Rfe1 Rae8 21. Bd3 Qg5 22. Qf2 Nf5 23. Bxf5 Rxf5 24. b4 Qe7 25. Qd2 Re5 26. Kf2 Rf8 27. Kg1 Re8 28. Kf2 Qd6 29. Kg1 Rh5 30. g3 Rf5 31. Kg2 a6 32. a3 Qf6 33. Rf1 Re6 34. Rce1 Rfe5 35. Qd3 Qe7 36. Kf2 Qd7 37. Kg2 Qe8 38. Kf2 Qe7 39. Re2 Qf6 40. Kg2 Re7 41. e4 Qg6 42. Rfe1 Kh7 43. Qd4 Qe6 44. Qd3 Kh8 45. Re3 Re8 46. Qd4 Qe7 47. R1e2 Qf6 48. Qd3 R5e7 49. exd5 Rxe3 50. Rxe3 Rxe3 51. Qxe3 cxd5 52. Qd3 Qb2+ 53. Kh3 Qe5 54. f4 Qd6 55. Kg2 d4 56. Kf3 Qc6+ 57. Qe4 Qc3+ 58. Kg4 d3 59. Qe8+ Kh7 60. Qe4+ Kh8 61. Qe8+ 1/2-1/2

[Event "European Online Club-ch-G 2021"]
[Site "Online"]
[Date "2021.03.27"]
[Round "1.11"]
[White "Tazbir, Marcin"]
[Black "Frank, Adam"]
[Result "1/2-1/2"]
[ECO "A22"]
[WhiteElo "2513"]
[BlackElo "2238"]
[Annotator "ChessBase"]
[PlyCount "126"]
[EventDate "2021.03.27"]
[EventType "team-tourn"]
[EventCountry "NET"]
[SourceTitle "playchess.com"]
[Source "ChessBase"]
[SourceQuality "1"]
[TimeControl "900+5"]

1. c4 e5 2. g3 Nf6 3. Bg2 d5 4. cxd5 Nxd5 5. Nc3 Nb6 6. e3 Nc6 7. Nge2 Be7 8. O-O O-O 9. f4 exf4 10. Nxf4 Nb4 11. d4 c5 12. d5 Bf6 13. a3 Na6 14. Kh1 g6 15. e4 Nc4 16. Nd3 h5 17. Bh6 Bg4 18. Qb3 Na5 19. Qc2 Bg7 20. Bxg7 Kxg7 21. b4 cxb4 22. axb4 Nc4 23. b5 Nc7 24. Qf2 Kg8 25. Rxa7 Rxa7 26. Qxa7 b6 27. Re1 h4 28. Qa2 Nd6 29. e5 Nf5 30. Ne4 h3 31. Nf6+ Kg7 32. Be4 Nh6 33. Qc4 Bf5 34. Bxf5 Nxf5 35. g4 Nh4 36. Re3 Qa8 37. Rxh3 Rh8 38. Nc1 Qa1 39. Qc3 Qxc3 40. Rxc3 Nxb5 41. Rd3 Rc8 42. Ne2 Rc2 43. Ng1 Nc7 44. g5 b5 45. d6 Ne6 46. d7 Nd8 47. Rh3 Rc4 48. Ne8+ Kf8 49. Nd6 Rb4 50. Nxb5 Rxb5 51. Rxh4 Ke7 52. Nf3 Kxd7 53. Kg2 Ne6 54. Ra4 Ke7 55. h4 Ng7 56. Ra7+ Kf8 57. Ra8+ Ke7 58. Nd4 Rb2+ 59. Kf3 Ne6 60. Ra7+ Kf8 61. Nxe6+ fxe6 62. h5 Rb3+ 63. Kf2 gxh5 1/2-1/2

[Event "European Online Club-ch-G 2021"]
[Site "Online"]
[Date "2021.03.27"]
[Round "1.12"]
[White "Laurincova, Kristyna"]
[Black "Zawadzka, Jolanta"]
[Result "0-1"]
[ECO "C78"]
[WhiteElo "2008"]
[BlackElo "2399"]
[Annotator "NA"]
[PlyCount "52"]
[EventDate "2021.03.27"]
[EventType "team-tourn"]
[EventCountry "NET"]
[SourceTitle "playchess.com"]
[Source "ChessBase"]
[SourceQuality "1"]
[TimeControl "900+5"]

1. e4 e5 2. Nf3 Nc6 3. Bb5 a6 4. Ba4 Nf6 5. O-O b5 6. Bb3 Bc5 7. c3 d6 8. d4 Bb6 9. h3 h6 10. Re1 O-O 11. Be3 exd4 12. cxd4 Na5 13. e5 Nxb3 14. Qxb3 Be6 15. Qa3 Nd5 16. exd6 cxd6 17. Nbd2 Qd7 18. Ne4 f5 19. Nxd6 b4 20. Qd3 Qxd6 21. Ne5 Nxe3 22. fxe3 Bd5 23. Nc4 Qe6 24. Nxb6 Qxb6 25. Rac1 Qe6 26. Rc5 Rfe8 0-1

[Event "European Online Club-ch-G 2021"]
[Site "Online"]
[Date "2021.03.27"]
[Round "1.13"]
[White "Gazik, Viktor"]
[Black "Sevdimaliyev, Urfan"]
[Result "1-0"]
[ECO "B51"]
[WhiteElo "2542"]
[BlackElo "2369"]
[Annotator "ChessBase"]
[PlyCount "95"]
[EventDate "2021.03.27"]
[EventType "team-tourn"]
[EventCountry "NET"]
[SourceTitle "playchess.com"]
[Source "ChessBase"]
[SourceQuality "1"]
[TimeControl "900+5"]

1. e4 c5 2. Nf3 Nc6 3. Bb5 d6 4. O-O Bd7 5. Re1 Nf6 6. c3 a6 7. Bf1 Bg4 8. h3 Bxf3 9. Qxf3 e6 10. d3 Be7 11. Be3 O-O 12. Nd2 d5 13. Qg3 d4 14. Bh6 Ne8 15. Nf3 Kh8 16. Bf4 Nf6 17. Bd2 b5 18. Rad1 a5 19. Ne5 Nxe5 20. Qxe5 Qb8 21. cxd4 cxd4 22. Qxd4 Rd8 23. Qe3 e5 24. Rc1 Nd7 25. d4 exd4 26. Qxd4 Bf6 27. Qe3 b4 28. b3 Nb6 29. Red1 Bd4 30. Qf3 Qe5 31. h4 h6 32. h5 Bb2 33. Rb1 Bd4 34. g3 Rac8 35. Rbc1 Rxc1 36. Rxc1 Bb2 37. Bf4 Qf6 38. Rc5 Bd4 39. Rxa5 Rc8 40. e5 Qe6 41. Qe4 Bc5 42. Bd3 g6 43. hxg6 fxg6 44. Qxg6 Qxg6 45. Bxg6 Bd4 46. e6 Kg7 47. Bh5 Rc2 48. e7 1-0

[Event "European Online Club-ch-G 2021"]
[Site "Online"]
[Date "2021.03.27"]
[Round "1.14"]
[White "Babayev, Talib"]
[Black "Sahidi, Samir"]
[Result "0-1"]
[ECO "C92"]
[WhiteElo "2282"]
[BlackElo "2407"]
[Annotator "NA"]
[PlyCount "138"]
[EventDate "2021.03.27"]
[EventType "team-tourn"]
[EventCountry "NET"]
[SourceTitle "playchess.com"]
[Source "ChessBase"]
[SourceQuality "1"]
[TimeControl "900+5"]

1. e4 e5 2. Nf3 Nc6 3. Bb5 a6 4. Ba4 Nf6 5. O-O Be7 6. Re1 b5 7. Bb3 d6 8. c3 O-O 9. h3 Bb7 10. d4 Na5 11. Bc2 Nd7 12. Nbd2 c5 13. d5 Qc7 14. g4 Rfb8 15. b3 Nf8 16. Nf1 Bc8 17. Ng3 Nb7 18. Nf5 a5 19. c4 Nd8 20. Nh2 a4 21. bxa4 bxc4 22. f4 Ng6 23. Nf3 Nxf4 24. Bxf4 exf4 25. e5 Bxf5 26. Bxf5 g6 27. Bc2 dxe5 28. Nxe5 c3 29. Bb3 Bd6 30. Nc4 Nb7 31. Qc2 Bf8 32. Rad1 Nd6 33. Qxc3 Bg7 34. Qc1 Nxc4 35. Qxc4 Qd6 36. Qe4 Rb4 37. Qe7 Bf8 38. Qxd6 Bxd6 39. Rc1 Kg7 40. Kg2 h6 41. Kf3 Rd4 42. Red1 Rb4 43. Rc2 Kf6 44. Re1 Kg5 45. Re4 Rxe4 46. Kxe4 Kh4 47. Rc3 Re8+ 48. Kf3 Kxh3 49. Bc4 Ra8 50. Ra3 Ra5 51. Bb5 Kh4 52. Rc3 h5 53. gxh5 Kxh5 54. Rc1 Kg5 55. Rh1 Kf6 56. Rh7 c4 57. Ke4 c3 58. Kd3 Be5 59. Rh3 Ke7 60. Rh2 g5 61. Kc4 g4 62. Re2 Kd6 63. Kb4 Ra7 64. a5 f3 65. Rc2 g3 66. Bf1 Kxd5 67. Kb5 Rb7+ 68. Ka6 Rb2 69. Rc1 g2 0-1

[Event "European Online Club-ch-G 2021"]
[Site "Online"]
[Date "2021.03.27"]
[Round "1.15"]
[White "Kostolansky, Sebastian Lukas"]
[Black "Gasimov, Parviz"]
[Result "1-0"]
[ECO "C07"]
[WhiteElo "2393"]
[BlackElo "2337"]
[Annotator "NA"]
[PlyCount "47"]
[EventDate "2021.03.27"]
[EventType "team-tourn"]
[EventCountry "NET"]
[SourceTitle "playchess.com"]
[Source "ChessBase"]
[SourceQuality "1"]
[TimeControl "900+5"]

1. e4 e6 2. d4 d5 3. Nd2 c5 4. exd5 Qxd5 5. dxc5 Bxc5 6. Ngf3 Nf6 7. Bd3 O-O 8. Qe2 Nc6 9. Ne4 Be7 10. O-O Nxe4 11. Bxe4 Qh5 12. c3 Bd7 13. Re1 Bd6 14. Qd1 f5 15. Bc2 Rf6 16. Qxd6 Rg6 17. Bd1 e5 18. Qxd7 Rd8 19. Nxe5 Rxd7 20. Bxh5 Re6 21. Bf4 Nxe5 22. Rxe5 Rxe5 23. Bxe5 Rd2 24. Rd1 1-0

[Event "European Online Club-ch-G 2021"]
[Site "Online"]
[Date "2021.03.27"]
[Round "1.16"]
[White "Hasanzade, Toghrul"]
[Black "Haring, Filip"]
[Result "1-0"]
[ECO "B15"]
[WhiteElo "2322"]
[BlackElo "2376"]
[Annotator "NA"]
[PlyCount "95"]
[EventDate "2021.03.27"]
[EventType "team-tourn"]
[EventCountry "NET"]
[SourceTitle "playchess.com"]
[Source "ChessBase"]
[SourceQuality "1"]
[TimeControl "900+5"]

1. e4 c6 2. d4 d5 3. Nc3 dxe4 4. Nxe4 Nf6 5. Nxf6+ exf6 6. c3 Bd6 7. Bd3 O-O 8. Ne2 Re8 9. Qc2 h5 10. O-O h4 11. h3 Nd7 12. Re1 Nf8 13. Be3 Qc7 14. Qd2 Be6 15. Bf4 Rad8 16. Bxd6 Qxd6 17. Qf4 Qxf4 18. Nxf4 g6 19. Re3 Bd7 20. Rae1 Rxe3 21. fxe3 Kg7 22. Kf2 Ne6 23. Bc4 Re8 24. Bxe6 Bxe6 25. b3 Bf5 26. c4 g5 27. Ne2 Be4 28. Nc3 f5 29. Rd1 Kf6 30. d5 cxd5 31. Nxd5+ Bxd5 32. Rxd5 Ke6 33. Kf3 Re7 34. a4 b6 35. a5 Rd7 36. axb6 axb6 37. Rxd7 Kxd7 38. e4 fxe4+ 39. Kxe4 Ke6 40. b4 f5+ 41. Kd4 g4 42. c5 bxc5+ 43. bxc5 f4 44. hxg4 f3 45. Ke3 fxg2 46. Kf2 h3 47. g5 Kf5 48. c6 1-0

[Event "European Online Club-ch-G 2021"]
[Site "Online"]
[Date "2021.03.27"]
[Round "1.17"]
[White "Harvey, Marcus R"]
[Black "Borhy, Marcell"]
[Result "1-0"]
[ECO "D24"]
[WhiteElo "2440"]
[BlackElo "2392"]
[Annotator "NA"]
[PlyCount "185"]
[EventDate "2021.03.27"]
[EventType "team-tourn"]
[EventCountry "NET"]
[SourceTitle "playchess.com"]
[Source "ChessBase"]
[SourceQuality "1"]
[TimeControl "900+5"]

1. d4 d5 2. Nf3 Nf6 3. c4 dxc4 4. e3 a6 5. a4 Bg4 6. Bxc4 e6 7. h3 Bh5 8. Nc3 Nc6 9. O-O Bd6 10. Be2 O-O 11. b3 Qe7 12. Bb2 Rad8 13. Ne5 Bxe2 14. Nxc6 Bxd1 15. Nxe7+ Bxe7 16. Rfxd1 Rd7 17. Kf1 Rfd8 18. Rac1 Kf8 19. Ke2 c5 20. dxc5 Bxc5 21. Rxd7 Rxd7 22. Nb5 Bb4 23. Nd4 Ke7 24. Rc4 Bd6 25. Nf3 g6 26. Ne5 Rc7 27. Rxc7+ Bxc7 28. Ba3+ Ke8 29. Nc4 Kd7 30. Kd3 b5 31. axb5 axb5 32. Nd2 Nd5 33. Ne4 h5 34. Kd4 Kc6 35. Ng5 e5+ 36. Kd3 f6 37. Nf3 Bd6 38. Bb2 g5 39. g4 hxg4 40. hxg4 Kd7 41. Nd2 Ke6 42. Ne4 Be7 43. Ng3 Nb4+ 44. Kd2 Nd5 45. Nf5 Bf8 46. Kd3 Nb4+ 47. Kd2 Nd5 48. Ke2 Bb4 49. Kd3 Be1 50. f3 Bb4 51. Ng3 Be7 52. Bc3 Bc5 53. Bd2 Bb6 54. Ne4 Bd8 55. Nc5+ Kf7 56. Ke4 Ne7 57. Bb4 Nc6 58. Bc3 Ne7 59. Bd2 Bb6 60. Nd7 Ba7 61. Bb4 Nc6 62. Bc5 Bxc5 63. Nxc5 Ke7 64. Kf5 Nb4 65. Nb7 Nd5 66. Ke4 Ke6 67. Nc5+ Kd6 68. Nb7+ Ke6 69. Nc5+ Kd6 70. Nd3 Ke6 71. Nc1 Nc3+ 72. Kd3 Nd5 73. Ne2 Nb4+ 74. Ke4 Nd5 75. Ng3 Ne7 76. Kd3 Nc6 77. Ne4 Nb4+ 78. Kd2 Nd5 79. Ke2 Kd7 80. Kd3 Ke6 81. Kd2 Kd7 82. Nc3 Nc7 83. Kd3 Kd6 84. Ke4 Kc5 85. Kf5 Kb4 86. Nxb5 Kxb5 87. Kxf6 Nd5+ 88. Kxe5 Nxe3 89. Kf6 Kc5 90. Kxg5 Kd6 91. Kf6 Nd5+ 92. Kf7 Ke5 93. g5 1-0

[Event "European Online Club-ch-G 2021"]
[Site "Online"]
[Date "2021.03.27"]
[Round "1.18"]
[White "Persanyi, Barnabas"]
[Black "Greet, Andrew N"]
[Result "1/2-1/2"]
[ECO "A11"]
[WhiteElo "2364"]
[BlackElo "2417"]
[Annotator "NA"]
[PlyCount "89"]
[EventDate "2021.03.27"]
[EventType "team-tourn"]
[EventCountry "NET"]
[SourceTitle "playchess.com"]
[Source "ChessBase"]
[SourceQuality "1"]
[TimeControl "900+5"]

1. Nf3 d5 2. g3 Bg4 3. Bg2 Nd7 4. c4 e6 5. O-O c6 6. d3 Bxf3 7. Bxf3 dxc4 8. dxc4 Ne5 9. Nd2 Nxf3+ 10. Nxf3 Nf6 11. b3 Bc5 12. Bb2 Qxd1 13. Rfxd1 Ke7 14. e3 Rhd8 15. Ne5 Ne8 16. Kf1 f6 17. Nd3 Bd6 18. Ke2 e5 19. e4 Rd7 20. Rd2 Rad8 21. Rad1 g6 22. f4 exf4 23. gxf4 b6 24. e5 fxe5 25. fxe5 Bc7 26. Nb4 Rxd2+ 27. Rxd2 Rxd2+ 28. Kxd2 Kd7 29. Ke2 Ng7 30. Kf3 Ne6 31. Nd3 Bd8 32. Bc1 b5 33. cxb5 cxb5 34. Be3 Bb6 35. Bxb6 axb6 36. Ke4 Ng5+ 37. Kd5 Ne6 38. b4 Nc7+ 39. Ke4 Ne6 40. Nf2 Kc6 41. Ng4 Ng5+ 42. Kf4 Ne6+ 43. Ke4 Ng5+ 44. Kf4 Ne6+ 45. Ke4 1/2-1/2

[Event "European Online Club-ch-G 2021"]
[Site "Online"]
[Date "2021.03.27"]
[Round "1.19"]
[White "Houska, Jovanka"]
[Black "Krstulovic, Alex"]
[Result "1/2-1/2"]
[ECO "D12"]
[WhiteElo "2381"]
[BlackElo "2387"]
[Annotator "NA"]
[PlyCount "61"]
[EventDate "2021.03.27"]
[EventType "team-tourn"]
[EventCountry "NET"]
[SourceTitle "playchess.com"]
[Source "ChessBase"]
[SourceQuality "1"]
[TimeControl "900+5"]

1. d4 d5 2. Nf3 Nf6 3. c4 c6 4. e3 Bf5 5. Nc3 e6 6. Nh4 Bg6 7. Nxg6 hxg6 8. Bd3 Nbd7 9. h3 Bd6 10. O-O Qe7 11. e4 dxe4 12. Nxe4 Nxe4 13. Bxe4 Nf6 14. Bg5 Rh5 15. Bxf6 Qxf6 16. Re1 O-O-O 17. Qf3 Qxf3 18. Bxf3 Rh4 19. Rad1 Bb4 20. Re4 Rxe4 21. Bxe4 e5 22. d5 f5 23. Bc2 cxd5 24. Rxd5 Rxd5 25. cxd5 Kd7 26. g4 e4 27. Ba4+ Kd6 28. Be8 Kxd5 29. Bxg6 fxg4 30. hxg4 Bd2 31. Kf1 1/2-1/2

[Event "European Online Club-ch-G 2021"]
[Site "Online"]
[Date "2021.03.27"]
[Round "1.20"]
[White "Karacsonyi, Gellert"]
[Black "Sukandar, Irine Kharisma"]
[Result "0-1"]
[ECO "B32"]
[WhiteElo "2321"]
[BlackElo "2413"]
[Annotator "NA"]
[PlyCount "80"]
[EventDate "2021.03.27"]
[EventType "team-tourn"]
[EventCountry "NET"]
[SourceTitle "playchess.com"]
[Source "ChessBase"]
[SourceQuality "1"]
[TimeControl "900+5"]

1. e4 c5 2. Nf3 Nc6 3. d4 cxd4 4. Nxd4 e5 5. Nb5 d6 6. N1c3 a6 7. Na3 Be6 8. Nc4 Rc8 9. Be3 Nf6 10. Nb6 Rb8 11. Be2 Be7 12. O-O O-O 13. f3 Nd7 14. Ncd5 Bg5 15. Bf2 f5 16. exf5 Bxf5 17. c3 Kh8 18. a4 Nf6 19. Bd3 e4 20. Nxf6 exd3 21. Nfd5 Bg6 22. Kh1 Ne5 23. Bd4 Bh6 24. f4 Nc6 25. Bg1 Be4 26. Qg4 Ne7 27. Nxe7 Qxe7 28. Bd4 Rbe8 29. Rae1 Qf7 30. Be3 Bf5 31. Qf3 Qb3 32. Qf2 Bg4 33. Rg1 Be2 34. g4 Rxe3 35. Qxe3 Bxf4 36. Rgf1 Bxf1 37. Qxf4 Rxf4 38. Re8+ Qg8 39. Rxg8+ Kxg8 40. Nd5 d2 0-1